 Dungeon Crawl Stone Soup version 0.29.1-2-gbd0b4ee654 (webtiles) character file.

Game seed: 18286246620761070361

18 GorkyZ the Trooper (level 2, 0/19 HPs)
             Began as a Gargoyle Fighter on Nov 26, 2022.
             Slain by a goblin
             ... wielding a +0 club
              (2 damage)
             ... on level 1 of the Dungeon.
             The game lasted 00:01:45 (1063 turns).

GorkyZ the Trooper (Gargoyle Fighter)               Turns: 1063, Time: 00:01:46

Health: 0/19       AC:  9    Str: 19    XL:     2   Next: 66%
Magic:  2/2        EV:  9    Int:  8    God:
Gold:   16         SH:  4    Dex:  9    Spells: 1/1 levels left

rFire   . . .      SeeInvis .   a - +0 war axe
rCold   . . .      Faith    .   c - +0 buckler
rNeg    + . .      Spirit   .   b - +0 scale mail
rPois   ∞          Reflect  .   (no helmet)
rElec   +          Harm     .   (no cloak)
rCorr   .          Rampage  .   (no gloves)
Will    .....                   (no boots)
Stlth   ..........              (no amulet)
HPRegen 0.06/turn               (no ring)
MPRegen 0.08/turn               (no ring)

@: no status effects
A: sickness immunity, AC +2, negative energy resistance 1, electricity
resistance, torment resistance 1, petrification resistance
a: no special abilities


You were on level 1 of the Dungeon.
You visited 1 branch of the dungeon, and saw 1 of its levels.

You collected 16 gold pieces.

Inventory:

Hand Weapons
 a - a +0 war axe (weapon)
Armour
 b - a +0 scale mail (worn)
 c - a +0 buckler (worn)
Jewellery
 e - an amulet of magic regeneration
 l - a ring of resist corrosion
 m - an amulet of regeneration
Scrolls
 f - 2 scrolls of brand weapon {unknown}
 g - 3 scrolls of identify {unknown}
 i - a scroll of amnesia {unknown}
 j - a scroll of vulnerability {unknown}
Potions
 d - a potion of might
 h - 2 potions of curing {unknown}
 k - a potion of lignification {unknown}


   Skills:
 + Level 3.4 Fighting
 + Level 2.0 Axes
 + Level 0.3 Throwing
 + Level 3.4 Armour
 + Level 0.4 Dodging
 + Level 3.4 Shields
 + Level 0.5 Evocations


You had one spell level left.
You didn't know any spells.
Your spell library was empty.

Dungeon Overview and Level Annotations

Branches:
Dungeon (1/15)

Altars:


Innate Abilities, Weirdness & Mutations

You are immune to sickness and miasma.
Your stone body is resilient. (AC +2)
You are immune to poison.
You resist negative energy. (rN+)
You are resistant to electric shocks. (rElec)
You are resistant to unholy torment.
You are immune to petrification.


Message History

Your Axes skill increases to level 2!
You barely miss the jackal.
The jackal bites you but does no damage. x2
You barely miss the jackal.
The jackal bites you but does no damage. x2
You miss the jackal. The jackal closely misses you.
You block the jackal's attack.
You closely miss the jackal. The jackal barely misses you. x2
You closely miss the jackal. You block the jackal's attack.
The jackal misses you.
You closely miss the jackal.
The jackal bites you but does no damage. x2
You barely miss the jackal. The jackal bites you. x2
You barely miss the jackal. The jackal closely misses you.
You block the jackal's attack.
You barely miss the jackal. You block the jackal's attack.
The jackal bites you but does no damage.
You slash the jackal!
You kill the jackal!
No target in view!
A goblin comes into view. It is wielding a +0 club.
The goblin shouts!
You barely miss the goblin. The goblin hits you but does no damage.
You closely miss the goblin. The goblin hits you with a +0 club.
The goblin hits you but does no damage.
You are too injured to fight recklessly!
You are too injured to fight recklessly!
You are too injured to fight recklessly!
You are too injured to fight recklessly!
You closely miss the goblin. You block the goblin's attack.
You closely miss the goblin. The goblin hits you but does no damage.
You barely miss the goblin. The goblin closely misses you.
The goblin hits you with a +0 club.
You closely miss the goblin. The goblin hits you with a +0 club.
* * * LOW HITPOINT WARNING * * *
You barely miss the goblin. You block the goblin's attack.
The goblin hits you with a +0 club.
* * * LOW HITPOINT WARNING * * *
You barely miss the goblin. The goblin hits you with a +0 club.
You die...

.##### .# .#.... .#
##..... .# ####
.....#### .# #..
.......## .# #.#
.....#.# .#######.#
...#..# ...)...>.###
#g#...#
#..........#####@....##
##.........#...#......#
.#########.#..#.......#
.. ##.#.#†.)####... ..
#..##)...# .. ..
##.###..### . ..
#.......# . #..####.# #
#..# #.#


You could see a goblin.

Vanquished Creatures
  A dart slug (D:1)
  An endoplasm (D:1)
  2 goblins (D:1)
  A hobgoblin (D:1)
  2 jackals (D:1)
  2 quokkas (D:1)
  3 bats (D:1)
  2 kobolds (D:1)
14 creatures vanquished.

Notes
Turn   | Place    | Note
-------+----------+-------------------------------------------
     0 | D:1      | GorkyZ the Gargoyle Fighter began the quest for the Orb.
     0 | D:1      | Reached XP level 1. HP: 14/14 MP: 1/1
   303 | D:1      | Found a faded altar of an unknown god.
   651 | D:1      | Reached XP level 2. HP: 19/19 MP: 2/2
  1063 | D:1      | Slain by a goblin

Illustrated notes

Levels and vault maps discovered:
D:1:      dpeg_arrival_lava_temple_mockup, layout_loops_cross,
          hellmonk_ecumenical_altar_run_dry, hangedman_decor_diamond_cutter,
          minmay_strange_pillars

Skill      XL: |  1  2 |
---------------+-------+-----
Axes           | 2 |  2.0
Fighting       | |  3.4
Throwing       | |  0.3
Armour         | |  3.4
Dodging        | |  0.4
Shields        | |  3.4
Evocations     | |  0.5

Action                   || total
-------------------------++-------
Melee: War axe           ||    62
Armor: Scale mail        ||    38
Dodge: Dodged            ||    42
Block: Buckler           ||    14
